AoeStats
← Chris77A

Black Forest

504256041Analyzed
2v2 RM · 27d ago on Sep 4, 2026· 24m 49s· 4 players
Game mode
Random Map
Map size
Medium (4 player)
Population
200
Speed
Normal
Resources
Standard
Victory
Conquest
Starting age
Dark Age
Ending age
Imperial Age
RankedLock teamsTeams togetherTeam positionsShared explorationLock speedFull tech treeHidden civsTurbo modeCheats
Victory
Defeat
🇬🇧 Bohemians · United Kingdom
1297
+12
🇬🇧 Teutons · United Kingdom
1236
+14
🇨🇴 Goths · Colombia
1211
-13
🇵🇱 Khmer · Poland
1198
-13
kontakt
0:25 Loom
11:19 Feudal Age
15:50 Fletching
19:41 Castle Age
19:33 Double-Bit Axe
19:16 Man-at-Arms
22:45 Long Swordsman
Patroclo
1:11 Loom
11:14 Feudal Age
12:04 Double-Bit Axe
12:28 Town Watch
16:10 Wheelbarrow
18:42 Castle Age
19:10 Scale Mail Armor
19:29 Fletching
19:33 Gold Mining
19:25 Horse Collar
20:09 Bow Saw
20:48 Bodkin Arrow
21:23 Squires
23:07 Chain Mail Armor
DrunkMonk
1:10 Loom
14:31 Feudal Age
14:56 Double-Bit Axe
14:54 Fishing Lines
15:14 Horse Collar
16:56 Town Watch
19:09 Scale Barding Armor
24:03 Castle Age
Chris77A
0:48 Loom
14:31 Feudal Age
18:24 Castle Age
17:26 Double-Bit Axe
25:17 Wheelbarrow
24:29 Town Watch
Connection lost

Rejoining the realm…

Still unreachable

The connection could not be restored.

Session expired

The server has moved on; the page needs a fresh start.